 Dungeon Crawl Stone Soup version 0.31.0-32-g396128a36d (webtiles) character file.

Game seed: 13656908372304840950

186 NotreDorf the Poker (level 5, 0/41 HPs)
             Began as a Merfolk Gladiator on Mar 22, 2024.
             Slain by an orc
             ... wielding a +0 hand axe
              (2 damage)
             ... on level 3 of the Dungeon.
             The game lasted 00:07:02 (2062 turns).

NotreDorf the Poker (Merfolk Gladiator)             Turns: 2062, Time: 00:07:02

Health: 0/41       AC:  5    Str: 16    XL:     5   Next: 65%
Magic:  5/5        EV: 14    Int:  7    God:
Gold:   61         SH:  5    Dex: 22    Spells: 4/4 levels left

rFire   . . .        a - +0 trident
rCold   . . .        r - +0 buckler
rNeg    + . .        b - +0 leather armour
rPois   .            c - +0 helmet
rElec   .            l - +0 cloak
rCorr   .            (no gloves)
SInv    .            (no boots)
Will    .....        (no amulet)
Stlth   ++           n - +6 ring of dexterity
HPRegen 0.26/turn    h - ring of positive energy
MPRegen 0.09/turn

%: no passive effects
@: lethally poisoned (0 -> -6)
A: (nimble swimmer 2), mertail
a: no special abilities


You were on level 3 of the Dungeon.
You visited 1 branch of the dungeon, and saw 3 of its levels.

You collected 133 gold pieces.
You spent 72 gold pieces at shops.

Inventory:

Hand Weapons
 a - a +0 trident (weapon)
Missiles
 d - 3 throwing nets (quivered)
 e - a javelin
Armour
 b - a +0 leather armour (worn)
 c - a +0 helmet (worn)
 l - a +0 cloak (worn)
 r - a +0 buckler (worn)
Jewellery
 h - a ring of positive energy (right hand)
 n - a +6 ring of dexterity (left hand)
 w - a ring of resist corrosion
Talismans
 q - a flux talisman
Scrolls
 f - a scroll of identify {unknown}
 g - 3 scrolls of teleportation {unknown}
 i - a scroll of noise {unknown}
 m - a scroll of immolation {unknown}
 t - a scroll of blinking {unknown}
 u - a scroll of brand weapon {unknown}
 v - a scroll of fog {unknown}
Potions
 j - a potion of heal wounds {unknown}
 k - a potion of degeneration {unknown}
 o - a potion of invisibility {unknown}
 p - a potion of magic {unknown}
 s - a potion of brilliance {unknown}


   Skills:
 + Level 3.4 Fighting
 + Level 5.2 Polearms
 - Level 2.0 Throwing
 + Level 5.1 Dodging
 + Level 2.6 Stealth
 + Level 1.0 Shields
 + Level 1.3 Shapeshifting


You had 4 spell levels left.
You didn't know any spells.
Your spell library was empty.

Dungeon Overview and Level Annotations

Branches:
Dungeon (3/15)

Altars:
Cheibriados
Fedhas
Kikubaaqudgha
Okawaru
Yredelemnul

Shops:
D:2 *

Annotations:
D:3 2 runed translucent doors, jimmypageman's ghost, amateur MiFi


Innate Abilities, Weirdness & Mutations

((You are very nimble when in or above water. (Stealth+, EV+, Speed+++)))
Your lower body shifts to a powerful aquatic tail in water.


Message History

Found a blossoming altar of Fedhas.
There is a blossoming altar of Fedhas here.
A giant cockroach comes into view.
You reach to attack!
You hit the giant cockroach but do no damage.
You closely miss the giant cockroach. The giant cockroach closely misses you.
The giant cockroach bites you but does no damage.
You hit the giant cockroach.
The giant cockroach is moderately wounded.
You block the giant cockroach's attack.
You hit the giant cockroach but do no damage.
You block the giant cockroach's attack.
You puncture the giant cockroach!
You kill the giant cockroach!
w - a ring of resist corrosion You see here a giant cockroach corpse.
You now have 61 gold pieces (gained 8).
An orc comes into view. It is wielding a +2 whip of venom.
An orc priest comes into view. It is wielding a +0 dagger.
An orc comes into view. It is wielding a +0 hand axe.
The orc priest shouts!
The orc shouts!
An orc comes into view. It is wielding a +0 trident.
The orc shouts!
The orc priest begins to cast a cantrip, but forgets the words!
You barely miss the orc.
The orc hits you with a +2 whip of venom.
You are poisoned.
The orc priest calls down the wrath of Beogh upon you.
Beogh smites you!
You hit the orc but do no damage.
You feel very sick.
The orc priest mumbles some strange prayers to Beogh against you.
Beogh smites you! You block the orc's attack. The orc barely misses you.
You are too injured to fight recklessly!
You closely miss the orc.
You feel sick. You block the orc's attack.
The orc priest invokes the aid of Beogh against you.
Beogh smites you!
* * * LOW HITPOINT WARNING * * *
The orc hits you with a +0 hand axe.
You die...

###++####.#######..
#.≈...§§##.....##...
##.§#.8≈.#.##.......
#.~.~.#.#.##.......
.#..W~ #.##....... #≈#~
#.##....... .
########..........
....###.........##.###..
...o.o.@...........# #..
....##oo.........#####..
. #..................
##......<.........# ...
##...#............
...##########...........#
.........###...<######..#
.............#### #.....
.........##..#######.....


You could see an orc priest and 3 orcs.

Vanquished Creatures
  A hound (D:3)
  An orc wizard (D:3)
  4 adders
  3 dart slugs
  3 ribbon worms
  2 orcs (D:3)
  6 bats
  6 endoplasms
  A giant cockroach (D:3)
  3 goblins
  11 hobgoblins
  10 jackals
  4 kobolds
  3 quokkas
  8 ball pythons
  A frilled lizard (D:2)
  6 rats
73 creatures vanquished.

Notes
Turn   | Place    | Note
-------+----------+-------------------------------------------
     0 | D:1      | NotreDorf the Merfolk Gladiator began the quest for the
                  | Orb.
     0 | D:1      | Reached XP level 1. HP: 16/16 MP: 1/1
    41 | D:1      | Reached XP level 2. HP: 10/23 MP: 2/2
   327 | D:1      | Found a faded altar of an unknown god.
   373 | D:1      | Reached skill level 1 in Stealth
   717 | D:1      | Reached XP level 3. HP: 27/28 MP: 3/3
   869 | D:2      | Found Zieda's Assorted Antiques.
   875 | D:2      | Bought a scroll labelled OTU RUFACES for 24 gold pieces
   875 | D:2      | Bought a scroll labelled FARCHI VAKHLOXA for 24 gold pieces
   875 | D:2      | Bought a scroll labelled FARCHI VAKHLOXA for 24 gold pieces
  1066 | D:2      | Reached XP level 4. HP: 34/34 MP: 4/4
  1637 | D:3      | Reached skill level 5 in Polearms
  1637 | D:3      | Reached XP level 5. HP: 36/41 MP: 5/5
  1699 | D:3      | Reached skill level 5 in Dodging
  1699 | D:3      | Reached skill level 1 in Shapeshifting
  1826 | D:3      | Found an iron altar of Okawaru.
  1829 | D:3      | Found a basalt altar of Yredelemnul.
  1832 | D:3      | Found an ancient bone altar of Kikubaaqudgha.
  1843 | D:3      | Found a snail-covered altar of Cheibriados.
  1883 | D:3      | Reached skill level 1 in Shields
  1970 | D:3      | Found a blossoming altar of Fedhas.
  2020 | D:3      | Found a large runed translucent door.
  2020 | D:3      | Found a large runed translucent door.
  2021 | D:3      | Noticed jimmypageman's ghost (amateur MiFi)
  2062 | D:3      | HP: 2/41 [orc priest/divine providence (12)]
  2062 | D:3      | Slain by an orc

Illustrated notes

Levels and vault maps discovered:
D:1:      erik_arrival_triangle_medium, layout_basic,
          shapermc_ecumenical_altar_flowoftime
D:2:      layout_basic, serial_shops, nicolae_shop_tiny_waterfront
D:3:      layout_rooms, fedhas_altar_4, grunt_temple_overflow_cloverleaf,
          ebering_ghost_disaster_area, minmay_fractal_squares_diagonal_5

Skill      XL: |  1  2  3  4  5 |
---------------+----------------+-----
Stealth        | 1 2 |  2.6
Fighting       | 3 |  3.4
Polearms       | 5 |  5.2
Dodging        | 5 |  5.1
Shapeshifting  | 1 |  1.3
Shields        | 1 |  1.0
Throwing       | |  2.0

Action                     |  1- 3 |  4- 6 || total
---------------------------+-------+-------++-------
  Melee: Trident           |    94 |   131 ||   225
         Punch             |     1 |       ||     1
    Use: Potion            |       |     1 ||     1
   Stab: Sleeping          |     3 |     6 ||     9
 Armour: Leather armour    |    49 |    48 ||    97
  Dodge: Dodged            |    63 |    70 ||   133
  Block: Buckler           |       |    15 ||    15
